 Dungeon Crawl Stone Soup version 0.27.1-33-g824d729ab1 (webtiles) character file.

Game seed: 16865097978745001748

76 rvierbuc the Chopper (level 4, 0/41 HPs)
             Began as a Minotaur Berserker on Dec 6, 2021.
             Was a Believer of Trog.
             Succumbed to a water moccasin's poison
             ... on level 3 of the Dungeon.
             The game lasted 00:04:52 (2198 turns).

rvierbuc the Chopper (Minotaur Berserker)           Turns: 2198, Time: 00:04:52

Health: 0/41       AC:  9    Str: 22    XL:     4   Next: 12%
Magic:  2/3        EV:  8    Int:  4    God:    Trog [**....]
Gold:   42         SH:  0    Dex: 10    Spells: 3/3 levels left

rFire    . . .     SeeInvis .   a - +0 hand axe
rCold    . . .     Faith    .   (no shield)
rNeg     . . .     Spirit   +   r - +0 chain mail
rPois    .         Reflect  .   (helmet restricted)
rElec    .         Harm     .   (no cloak)
rCorr    .         Rampage  .   (no gloves)
Will     .....                  (no boots)
Stlth    ..........             i - amulet of guardian spirit
HPRegen  0.13/turn              (no ring)
MPRegen  0.08/turn              (no ring)

@: lethally poisoned (0 -> -51)
A: horns 2, retaliatory headbutt
a: Renounce Religion, Berserk, Trog's Hand


You were on level 3 of the Dungeon.
You worshipped Trog.
Trog was pleased with you.
You visited 1 branch of the dungeon, and saw 3 of its levels.

You collected 42 gold pieces.

Inventory:

Hand Weapons
 a - a +0 hand axe (weapon)
Armour
 r - a +0 chain mail (worn)
Jewellery
 i - an amulet of guardian spirit (around neck)
 n - a ring of see invisible
 p - a ring of ice
Scrolls
 d - a scroll of amnesia {unknown}
 e - 2 scrolls of blinking {unknown}
 f - a scroll of teleportation {unknown}
 g - a scroll of fog {unknown}
 j - a scroll of summoning {unknown}
 k - a scroll of enchant weapon {unknown}
 m - a scroll of vulnerability {unknown}
 q - a scroll of magic mapping {unknown}
Potions
 c - a potion of degeneration {unknown}
 h - a potion of heal wounds {unknown}
 o - a potion of cancellation {unknown}


   Skills:
 * Level 4.5 Fighting
 * Level 4.9 Axes
 * Level 2.9 Armour
 + Level 2.5 Dodging


You had 3 spell levels left.
You didn't know any spells.
Your spell library was empty.

Dungeon Overview and Level Annotations

Branches:
Dungeon (3/15)

Altars:
Makhleb


Innate Abilities, Weirdness & Mutations

You have a pair of horns on your head.
You reflexively headbutt those who attack you in melee.


Message History

a +0 dagger; an orc corpse
Found a whip.
You see here a +0 whip.
Found a hunting sling.
A water moccasin comes into view.
The water moccasin hisses angrily.
A water moccasin is nearby!
The water moccasin closely misses you.
You hit the water moccasin.
The water moccasin is lightly wounded.
The water moccasin bites you but does no damage.
The water moccasin barely misses you.
You closely miss the water moccasin.
The water moccasin is lightly wounded.
The water moccasin bites you.
You are poisoned.
The water moccasin poisons you!
You hit the water moccasin.
The water moccasin is moderately wounded.
You feel very sick. The water moccasin barely misses you.
The water moccasin bites you.
You are lethally poisoned!
The water moccasin poisons you!
You barely miss the water moccasin. You headbutt the water moccasin!
The water moccasin is severely wounded.
You feel extremely sick.
The water moccasin bites you but does no damage.
You miss the water moccasin. You headbutt the water moccasin!
The water moccasin is almost dead.
You feel very sick. The water moccasin bites you.
You are more poisoned.
The water moccasin poisons you! The water moccasin bites you.
* * * LOW HITPOINT WARNING * * *
You are more poisoned.
The water moccasin poisons you!
You slash the water moccasin!
You kill the water moccasin!
Trog accepts your kill.
You die...

...... ...... ..
#...# . ....# ##.
#.#.########## #..
............##.#.# #
..#.#..####.##.#.##.#
.)..#..####.##.†)...#
.........##.# #@#
..#.#..#.##.####.#
....#..#.........#
............######
.#####.######
.......# .#######
...# ...#


There were no monsters in sight!

Vanquished Creatures
  A water moccasin (D:3)
  An orc priest (D:3)
  A worm (D:3)
  2 orcs (D:3)
  6 ball pythons
  4 bats
  7 endoplasms
  2 giant cockroaches
  4 goblins
  A hobgoblin (D:1)
  2 kobolds
  4 quokkas
  2 frilled lizards (D:2)
  2 rats
39 creatures vanquished.

Notes
Turn   | Place    | Note
-------+----------+-------------------------------------------
     0 | D:1      | rvierbuc the Minotaur Berserker began the quest for the
                  | Orb.
     0 | D:1      | Reached XP level 1. HP: 19/19 MP: 0/0
   533 | D:1      | Reached XP level 2. HP: 27/27 MP: 1/1
  1223 | D:2      | Found a burning altar of Makhleb.
  1453 | D:2      | Reached XP level 3. HP: 33/33 MP: 2/2
  2084 | D:3      | Reached ** piety under Trog
  2095 | D:3      | Reached XP level 4. HP: 41/41 MP: 1/3
  2191 | D:3      | Noticed a water moccasin
  2198 | D:3      | Killed a water moccasin
  2198 | D:3      | Succumbed to a water moccasin's poison

Illustrated notes

Levels and vault maps discovered:
D:1:      dpeg_arrival_rhombus, layout_loops_ring
D:2:      layout_loops_ring, basic_altar
D:3:      layout_loops_cross, hellmonk_ecumenical_altar_lost_god

Skill      XL: |  1  2 |
---------------+-------+-----
Fighting       | 4 |  4.5
Axes           | 4 |  4.9
Armour         | |  2.9
Dodging        | |  2.5

Action                   |  1- 3 |  4- 6 || total
-------------------------+-------+-------++-------
Melee: Hand axe          |    90 |    10 ||   100
       Headbutt          |     8 |     3 ||    11
Invok: Berserk           |     1 |       ||     1
Armor: Animal skin       |     9 |       ||     9
       Ring mail         |    14 |       ||    14
       Chain mail        |       |     2 ||     2
Dodge: Dodged            |    48 |     4 ||    52
